 Dungeon Crawl Stone Soup version 0.23.2-1-ga50397a6bc (webtiles) character file.

Game seed: 6016142433957542548

70 Descartes the Shield-Bearer (level 4, -5/31 HPs)
             Began as an Octopode Fighter on May 18, 2019.
             Slain by an orc priest
             ... wielding a +0 trident
              (6 damage)
             ... on level 3 of the Dungeon.
             The game lasted 00:02:57 (1623 turns).

Descartes the Shield-Bearer (Octopode Fighter)      Turns: 1623, Time: 00:02:59

Health: -5/31      AC:  1    Str: 15    XL:     4   Next: 22%
Magic:  3/3        EV: 12    Int: 15    God:
Gold:   167        SH:  9    Dex: 12    Spells: 3/3 levels left

rFire    . . .     SeeInvis .   a - +0 war axe
rCold    + . .     Gourm    .   b - +0 shield
rNeg     . . .     Faith    .   (helmet restricted)
rPois    .         Spirit   .   (no amulet)
rElec    .         Reflect  .   e - ring of protection from cold
rCorr    .         Harm     .   (no ring)
MR       .....                  (no ring)
Stlth    +++.......             (no ring)
HPRegen  0.10/turn              (no ring)
MPRegen  0.08/turn              (no ring)
                                (no ring)
                                (no ring)

@: brilliant, lethally poisoned (-5 -> -12)
A: almost no armour, stealthy swim, amphibious, 8 rings, constrict 8, tentacle
spike 1, camouflage 1, low mp 1, gelatinous body 1
a: no special abilities


You were on level 3 of the Dungeon.
You were not hungry.

You visited 1 branch of the dungeon, and saw 3 of its levels.

You collected 167 gold pieces.

Inventory:

Hand Weapons
 a - a +0 war axe (weapon)
 f - a +1 hunting sling of velocity
Missiles
 g - 38 arrows
 k - 41 stones (quivered)
 m - 17 bolts
 o - 25 sling bullets
Armour
 b - a +0 shield (worn)
Jewellery
 e - a ring of protection from cold (left tentacle)
Wands
 p - a wand of acid (8)
Scrolls
 h - 2 scrolls of identify {unknown}
 n - a scroll of blinking {unknown}
 q - a scroll of remove curse {unknown}
Potions
 c - a potion of might
 l - a potion of magic {unknown}
Comestibles
 d - 6 rations
 r - 2 chunks of flesh


   Skills:
 + Level 3.2 Fighting
 + Level 2.4 Axes
 * Level 3.6 Dodging
 + Level 1.6 Stealth
 * Level 3.7 Shields


You had 3 spell levels left.
You didn't know any spells.
Your spell library was empty.

Dungeon Overview and Level Annotations

Branches:
Dungeon (3/15)

Altars:
Kikubaaqudgha


Innate Abilities, Weirdness & Mutations

You cannot wear most types of armour.
You are very stealthy in the water. (Stealth+)
You are amphibious.
You can wear up to eight rings at the same time.
You can use your tentacles to constrict eight enemies at once.
Your skin changes colour to match your surroundings (Stealth+).
Your rubbery body absorbs attacks. (AC +1, EV +1)
One of your tentacles bears a spike.
Your magical capacity is low. (-10% MP)


Message History

You kill the orc!
You closely miss the frilled lizard. You constrict the orc.
You feel sick. The frilled lizard bites you. The orc hits you.
The orc priest calls down the wrath of Beogh upon you.
Beogh smites you!
* * * LOW HITPOINT WARNING * * *
The frilled lizard barely misses you.
It was a potion of mutation.
You feel extremely strange.
You feel less energetic.
One of your lower tentacles grows a sharp spike.
You constrict the orc. You block the orc's attack.
The frilled lizard barely misses you.
It was a potion of brilliance.
You feel clever all of a sudden.
You constrict the orc.
* * * LOW HITPOINT WARNING * * *
You feel sick. The orc hits you.
* * * LOW HITPOINT WARNING * * *
The orc priest hits you from afar with a +0 trident.
You die...

... #.# ## #.# #.#
#.# #.. # # #.# #.#
.# #.##### #.#
#<##..#
#..oo.####.####......
#)@.)........##
#.l####.###...#####
#..# #.###.<......
#..# #.#.......###
#..# #.........# ...#
###.......# .#..#
###...### .8### #...#
##.##


You could see an orc priest, an orc and a frilled lizard.

Vanquished Creatures
  2 adders (D:2)
  2 worms
  2 orcs (D:3)
  A ball python (D:2)
  A bat zombie (D:2)
  5 giant cockroaches
  4 goblins
  3 hobgoblins
  3 jackals (D:2)
  A quokka (D:2)
  7 bats
  2 frilled lizards (D:2)
  5 kobolds
  3 rats
41 creatures vanquished.

Notes
Turn   | Place    | Note
-------+----------+-------------------------------------------
     0 | D:1      | Descartes the Octopode Fighter began the quest for the Orb.
     0 | D:1      | Reached XP level 1. HP: 16/16 MP: 1/1
   161 | D:1      | Reached XP level 2. HP: 20/21 MP: 2/2
   691 | D:2      | Reached skill level 1 in Stealth
   691 | D:2      | Reached XP level 3. HP: 21/26 MP: 3/3
  1380 | D:2      | Found an ancient bone altar of Kikubaaqudgha.
  1382 | D:2      | Reached XP level 4. HP: 29/31 MP: 4/4
  1622 | D:3      | Gained mutation: Your magical capacity is low. (-10% MP)
                  | [potion of mutation]
  1622 | D:3      | Gained mutation: One of your tentacles bears a spike.
                  | [potion of mutation]
  1623 | D:3      | HP: 1/31 [orc (3)]
  1623 | D:3      | Slain by an orc priest

Skill      XL: |  1  2 |
---------------+-------+-----
Stealth        | 1 |  1.6
Fighting       | |  3.2
Axes           | |  2.4
Dodging        | |  3.6
Shields        | |  3.7

Action                   |  1- 3 |  4- 6 || total
-------------------------+-------+-------++-------
Melee: War axe           |    53 |    13 ||    66
       Constrict         |    13 |     6 ||    19
       Tentacles         |     9 |     3 ||    12
  Use: Potion            |       |     2 ||     2
 Stab: Sleeping          |     9 |     1 ||    10
  Eat: Chunk             |     1 |     1 ||     2
Armor: Skin              |     4 |     2 ||     6
Dodge: Dodged            |    38 |     9 ||    47
Block: Shield            |    23 |     9 ||    32
